 Dungeon Crawl Stone Soup version 0.20-a0-739-g6bb112f (webtiles) character file.

109 polly the Bolt Thrower (level 5, 0/40 HPs)
             Began as a Formicid Hunter on Feb 25, 2017.
             Slain by polly's ghost (15 damage)
             ... on level 4 of the Dungeon.
             The game lasted 00:02:20 (2087 turns).

polly the Bolt Thrower (Formicid Hunter)            Turns: 2087, Time: 00:02:20

Health: 0/40       AC:  7    Str: 17    XL:     5   Next: 13%
Magic:  5/5        EV: 10    Int: 10    God:
Gold:   129        SH:  0    Dex: 12    Spells: 4/4 levels left

rFire    . . .     SeeInvis +   a - +1 hand crossbow
rCold    . . .     Gourm    .   g - +1 scale mail
rNeg     . . .     Faith    .   (no shield)
rPois    .         Spirit   .   (helmet unavailable)
rElec    .         Reflect  .   (no cloak)
rCorr    .         Harm     .   (no gloves)
MR       .....                  (no boots)
Stlth    ..........             (no amulet)
Regen    0.2/turn               (no ring)
MPRegen  0.1/turn               (no ring)

@: no status effects
A: permanent stasis, dig shafts and tunnels, four strong arms, antennae 3
a: Dig, Shaft Self


You were on level 4 of the Dungeon.
You were not hungry.

You visited 1 branch of the dungeon, and saw 4 of its levels.

You collected 129 gold pieces.

Inventory:

Hand Weapons
 a - a +1 hand crossbow (weapon)
 b - a +0 short sword
Missiles
 d - 19 bolts (quivered)
Armour
 g - a +1 scale mail (worn)
Wands
 t - a wand of flame (18/48)
Scrolls
 c - a scroll of identify
 h - a scroll of enchant armour
 n - a scroll of recharging {unknown}
 q - a scroll of fear {unknown}
Potions
 l - a potion of cancellation {unknown}
 m - a potion of flight {unknown}
 o - a potion of brilliance {unknown}
 p - 3 potions of degeneration {unknown}
 r - 2 potions of heal wounds {unknown}
 s - a potion of curing {unknown}
Comestibles
 f - 2 bread rations
 i - 2 royal jellies
 j - a meat ration


   Skills:
 + Level 2.9 Fighting
 + Level 5.5 Crossbows
 + Level 0.9 Armour
 + Level 1.9 Dodging
 + Level 1.4 Stealth


You had 4 spell levels left.
You didn't know any spells.

Dungeon Overview and Level Annotations

Branches:
Dungeon (4/15)
 Temple: D:4-7

Altars:
Ashenzari
Zin

Annotations:
D:4 polly's ghost, novice GrFi


Innate Abilities, Weirdness & Mutations

You cannot be hasted, slowed, berserked, paralysed or teleported.
You can dig through walls and to a lower floor.
Your four strong arms can wield two-handed weapons with a shield.
You have a pair of large antennae on your head. (SInv)


Message History

You shoot a bolt.
Polly's ghost turns its malevolent gaze towards you.
The bolt hits polly's ghost but does no damage.
Polly's ghost moves out of view.
No target in view!
Polly's ghost is too close now for your liking.
Firing (i - inventory):
d - 22 bolts (quivered)
Press: ? - help, Shift-Dir - straight line, f/p - polly's ghost
Aim: polly's ghost You shoot a bolt.
The bolt hits polly's ghost.
Polly's ghost is lightly damaged.
Firing (i - inventory):
d - 21 bolts (quivered)
Press: ? - help, Shift-Dir - straight line, f/p - polly's ghost
Aim: polly's ghost (lightly damaged)
You shoot a bolt. The bolt barely misses polly's ghost.
Polly's ghost hits you!
Firing (i - inventory):
d - 20 bolts (quivered)
Press: ? - help, Shift-Dir - straight line, f/p - polly's ghost
Aim: polly's ghost (lightly damaged)
You shoot a bolt. The bolt barely misses polly's ghost.
Polly's ghost hits you! x2
You die...

..#
..#+#####
#.?...(..
.....(...
##........
.........
#.W(.....
#@#
##.###.##
#<......#
######..#
# {


You could see polly's ghost.

Vanquished Creatures
  5 adders
  4 worms
  2 giant cockroaches
  14 goblins
  8 hobgoblins
  A quokka (D:2)
  2 ball pythons
  5 bats
  3 frilled lizards
  4 kobolds
  8 rats
56 creatures vanquished.

Vanquished Creatures (others)
  4 toadstools (D:1)
4 creatures vanquished.

Grand Total: 60 creatures vanquished

Notes
Turn   | Place    | Note
-------+----------+-------------------------------------------
     0 | D:1      | polly the Formicid Hunter began the quest for the Orb.
     0 | D:1      | Reached XP level 1. HP: 16/16 MP: 1/1
   140 | D:1      | Reached XP level 2. HP: 22/22 MP: 2/2
   670 | D:2      | Reached XP level 3. HP: 28/28 MP: 3/3
   778 | D:2      | Reached skill level 5 in Crossbows
   799 | D:2      | Reached XP level 4. HP: 30/34 MP: 4/4
  1628 | D:3      | Found a glowing silver altar of Zin.
  1690 | D:3      | Reached XP level 5. HP: 37/40 MP: 5/5
  1915 | D:3      | Found a shattered altar of Ashenzari.
  2083 | D:4      | Noticed polly's ghost (novice GrFi)
  2087 | D:4      | Slain by polly's ghost

Vault maps used:
D:1:      ldierk_walled_garden_2
D:3:      nicolae_overflow_hidden_temple, lemuel_round_altar
D:4:      kennysheep_mini, temple_hall, sigmund_edmund_badplayer

Skill      XL: |  1  2  3 |
---------------+----------+-----
Crossbows      | 5 |  5.5
Fighting       | |  2.9
Armour         | |  0.9
Dodging        | |  1.9
Stealth        | |  1.4

Action                   |  1- 3 |  4- 6 || total
-------------------------+-------+-------++-------
 Fire: Hand crossbow     |    74 |    67 ||   141
  Use: Scroll            |       |     3 ||     3
  Eat: Chunk             |       |     3 ||     3
Armor: Scale mail        |     2 |     8 ||    10
Dodge: Dodged            |     7 |    10 ||    17
